 Dungeon Crawl Stone Soup version 0.30-a0-1116-gebefce21f7 (webtiles) character file.

Game seed: 9616151258392461849

35 CowFu the Ruffian (level 3, 0/28 HPs)
             Began as a Draconian Transmuter on Apr 21, 2023.
             Killed from afar by an orc wizard (11 damage)
             ... with a puff of flame
             ... on level 2 of the Dungeon.
             The game lasted 00:01:36 (1260 turns).

CowFu the Ruffian (Draconian Transmuter)            Turns: 1260, Time: 00:01:36

Health: 0/28       AC:  5    Str: 14    XL:     3   Next: 17%
Magic:  5/6        EV: 12    Int: 13    God:
Gold:   83         SH:  0    Dex: 11    Spells: 5/6 levels left

rFire   . . .      SeeInvis .      - Unarmed
rCold   . . .      Faith    .    (no shield)
rNeg    . . .      Spirit   .    (body armour unavailable)
rPois   .          Reflect  .    (helmet currently unavailable)
rElec   .          Rampage  .    (no cloak)
rCorr   .                        (no gloves)
Will    .....                    (boots currently unavailable)
Stlth   +                        (no amulet)
HPRegen 0.24/turn                (no ring)
MPRegen 0.10/turn                (no ring)

@: appendages
A: horns 2, talons 2, AC +5, unfitting armour, cold-blooded
a: End Transformation


You were on level 2 of the Dungeon.
You had temporarily grown beastly horns and talons.
You visited 1 branch of the dungeon, and saw 2 of its levels.

You collected 83 gold pieces.

Inventory:

Armour
 e - a +0 pair of boots
Scrolls
 b - 3 scrolls of identify {unknown}
 d - a scroll of enchant weapon {unknown}
 i - a scroll of blinking {unknown}
Potions
 a - a potion of lignification
 c - a potion of cancellation {unknown}
 f - a potion of curing {unknown}
 g - a potion of mutation {unknown}
 h - a potion of flight {unknown}


   Skills:
 - Level 1.1 Fighting
 - Level 1.7 Dodging
 + Level 4.3 Unarmed Combat
 - Level 2.0 Spellcasting
 - Level 2.0 Transmutations


You had 5 spell levels left.
You knew the following spells:

 Your Spells              Type           Power      Damage    Failure   Level
a - Beastly Appendage     Tmut           12%        N/A       11%         1

Your spell library contained the following spells:

 Spells                   Type           Power      Damage    Failure   Level
 Wereblood                Tmut           6%         N/A       17%         2
 Spider Form              Tmut/Pois      3%         N/A       45%         3
 Ice Form                 Ice/Tmut       3%         N/A       86%         4


Dungeon Overview and Level Annotations

Branches:
Dungeon (2/15)

Altars:


Innate Abilities, Weirdness & Mutations

You have temporarily grown beastly horns and talons.
Your plain brown scales are hard. (AC +5)
You cannot fit into any form of body armour.
You are cold-blooded and may be slowed by cold attacks.


Message History

Your tail-slap misses something.
You hear some strange, mumbled words.
You are confused.
You completely miss something. Your kick misses something.
Your headbutt misses something.
Your horns disappear.
Your talons disappear.
Something hits you but does no damage.
You bump into the rock wall.
You hear some strange, mumbled words.
You are more confused.
You're too confused to cast spells.
You're too confused to cast spells.
You completely miss something.
You're too confused to move!
You hear some strange, mumbled words.
Something tries to affect you, but you resist.
You bump into the rock wall.
Something hits you but does no damage.
A magic dart appears from out of thin air!
The magic dart hits you.
A magic dart appears from out of thin air!
The magic dart hits you.
You bump into the rock wall.
You bump into the rock wall.
An orc wizard appears from thin air!
Reactivating autopickup.
You bump into the rock wall.
The orc wizard hits you with a +0 dagger.
You bump into the rock wall.
You feel less confused.
The orc wizard hits you but does no damage.
The orc hits you with a +0 short sword.
Casting: Beastly Appendage (safe; 11% risk of failure)
Confirm with . or Enter, or press ? or * to list all spells.
You grow a pair of large bovine horns.
Your feet morph into talons.
The orc wizard closely misses you. The orc hits you with a +0 short sword.
You closely miss the orc wizard. Your kick misses the orc wizard.
Your headbutt misses the orc wizard.
The orc wizard is almost dead.
The orc wizard casts a spell at you. The puff of flame hits you!
You die...

.....### ...........⌠#
.....#####+...........#
...........#8###8##...#
#####......#### ##o..##
# #.........# #8...8#
#####.........# ##...##
..........###.# #†..#
.....)....#
#.#####...##
..........#
#..o@#8...8#
.....)....#
####o##...##
..........# #..)...#
..........# ########
..........# ..........#
..........# .~~~......#
.####~....#


You could see an orc wizard and an orc.

Vanquished Creatures
  An orc (D:2)
  6 bats
  3 endoplasms
  3 goblins (D:1)
  4 hobgoblins (D:1)
  4 kobolds
  2 quokkas
  4 ball pythons
  2 rats (D:1)
  A spectral hobgoblin (D:2)
30 creatures vanquished.

Notes
Turn   | Place    | Note
-------+----------+-------------------------------------------
     0 | D:1      | CowFu the Draconian Transmuter began the quest for the Orb.
     0 | D:1      | Reached XP level 1. HP: 16/16 MP: 3/3
   259 | D:1      | Reached XP level 2. HP: 23/23 MP: 3/5
   586 | D:1      | Reached skill level 4 in Unarmed Combat
  1078 | D:2      | Reached XP level 3. HP: 25/28 MP: 4/6
  1138 | D:2      | Found a faded altar of an unknown god.
  1260 | D:2      | Killed from afar by an orc wizard

Illustrated notes

Levels and vault maps discovered:
D:1:      scummos_arrival_checkerplants, layout_loops_ring, minmay_heptomino_o4
D:2:      minmay_inner_zag, layout_basic, serial_corexii_hall,
          corexii_hall_statues_s, corexii_hall_statues_t,
          corexii_hall_statues_s, dreamdust_ecumenical_altar_drowned_temple

Skill      XL: |  1  2 |
---------------+-------+-----
Unarmed Combat | 4 |  4.3
Fighting       | |  1.1
Dodging        | |  1.7
Spellcasting   | |  2.0
Transmutations | |  2.0

Action                     || total
---------------------------++-------
  Melee: Unarmed           ||    83
         Kick              ||    14
         Tailslap          ||     6
         Headbutt          ||     6
         Punch             ||     3
   Cast: Beastly Appendage ||    38
 Armour: Skin              ||    33
  Dodge: Dodged            ||    48

Table legend: (Time is in decaauts)
 A = Elapsed time spent in this place.
 B = Non-inter-level travel time spent in this place.
 C = Inter-level travel time spent in this place.
 D = Time resting spent in this place.
 E = Time spent auto-exploring this place.
 F = Levels seen in this place.
 G = Mean time per level.
                   A        B        C        D        E       F      G
               +--------+--------+--------+--------+--------+-----+--------+
         Total |   1259 |   1253 |      6 |      0 |   1006 |   2 |  629.5 |
       Dungeon |   1259 |   1253 |      6 |      0 |   1006 |   2 |  629.5 |
               +--------+--------+--------+--------+--------+-----+--------+

Top non-repeatable levels by time:
     D:1: 947 daAuts
     D:2: 311 daAuts
